 Dungeon Sprint DCSS version 0.14-a0-405-gb95792f (webtiles) character file.

1027 HexAgony the Grappler (level 7, -6/111 HPs)
             Began as a Troll Berserker on Oct 27, 2013.
             Was a Priest of Trog.
             Mangled by a sixfirhy (7 damage)
             ... summoned by a kobold demonologist
             ... while paralysed by a giant eyeball
             ... in the Dungeon (Sprint I: "Red Sonja").
             The game lasted 00:01:41 (506 turns).

HexAgony the Grappler (Troll Berserker)              Turns: 506, Time: 00:01:41

HP  -6/111       AC  5     Str 33      XL: 7   Next: 43%
MP   2/2         EV  1     Int  3      God: Trog [***...]
Gold 304         SH  0     Dex  9      Spells:  0 memorised,  6 levels left

Res.Fire  : . . .   See Invis. : .     - Unarmed
Res.Cold  : . . .   Warding    : .   b - +0 animal skin
Life Prot.: . . .   Conserve   : .   (shield restricted)
Res.Poison: .       Res.Corr.  : .   (helmet restricted)
Res.Elec. : .       Clarity    : .   (no cloak)
Sust.Abil.: . .     Spirit.Shd : .   (gloves unavailable)
Res.Mut.  : .       Prev.Telep.: +   (boots unavailable)
Res.Rott. : .       Flight     : .   (no amulet)
Gourmand  : +                        (no ring)
                                     (no ring)

@: paralysed, berserking (expiring), slightly resistant to hostile enchantments,
extremely unstealthy
A: unfitting armour, claws 3, fast metabolism 3, gourmand, regeneration 2,
saprovore 2, tough skin 2, AC +1
a: Burn Spellbooks, Berserk, Trog's Hand, Renounce Religion


You were in the Dungeon.
You worshipped Trog.
Trog was most pleased with you.
You were not hungry.

You visited 1 branch You collected 284 gold pieces.

Inventory:

Armour
 b - a +0 animal skin (worn)
Comestibles
 a - 2 meat rations
Scrolls
 h - a scroll of blinking
Potions
 c - a potion of curing
 d - a potion of heal wounds
 e - a potion of speed
 f - 2 potions of magic


   Skills:
 + Level 7.5 Fighting
 + Level 9.5 Dodging
 + Level 9.5 Unarmed Combat


You had 6 spell levels left.
You didn't know any spells.

Dungeon Overview and Level Annotations

Branches:
Dungeon (1/1)

Altars:
Fedhas
Makhleb
Sif Muna
Trog
Xom
the Shining One


Innate Abilities, Weirdness & Mutations

You are too large for most types of armour.
You have claws for hands.
Your metabolism is lightning-fast.
You like to eat raw meat.
You heal very quickly.
You can eat rotten meat.
You are covered in fur (AC +1).
You have very tough skin (AC +2).


Message History

The rotting devil disappears in a puff of smoke!
The iron imp disappears in a puff of smoke!
The quasit disappears in a puff of smoke!
Things that are here:
a dagger; a robe; a kobold corpse You barely miss the kobold demonologist.
The giant eyeball stares at you.
You suddenly lose the ability to move!
The kobold demonologist hits you but does no damage.
The crimson imp hits you but does no damage.
The kobold demonologist hits you with a dagger.
* * * LOW HITPOINT WARNING * * *
The crimson imp hits you but does no damage.
The kobold demonologist casts a spell.
The giant eyeball stares at you. You resist. The crimson imp hits you.
* * * LOW HITPOINT WARNING * * *
The sixfirhy hits you but does no damage.
The sixfirhy hits you!
* * * LOW HITPOINT WARNING * * *
The sixfirhy shocks you!
You die...

###################
).#..'..#__#..4K@4#
..').#..'..'..#5G.#
#'#####'#__####...+
..# #.#### #####
### ##)# #..+
+..._# #_.#+# ##+


You could see a hellwing, a sixfirhy, a kobold demonologist, a giant eyeball and
a crimson imp.

Vanquished Creatures
  A giant amoeba (D)
  A smoke demon (D)
  A blue devil (D)
  A kobold demonologist (D)
  An ogre (D)
  Sigmund (D)
  A jelly (D)
  A quasit (D)
  Ijyb (D)
9 creatures vanquished.

Notes
Turn   | Place    | Note
--------------------------------------------------------------
     0 | D        | HexAgony, the Troll Berserker, began the quest for the Orb.
     0 | D        | Reached XP level 1. HP: 23/23 MP: 0/0
     2 | D        | Noticed Ijyb
     9 | D        | Killed Ijyb
     9 | D        | Reached skill level 4 in Unarmed Combat
     9 | D        | Reached XP level 2. HP: 31/31 MP: 0/0
    13 | D        | Noticed an ogre
    20 | D        | Killed an ogre
    20 | D        | Reached skill level 5 in Dodging
    20 | D        | Reached skill level 5 in Unarmed Combat
    20 | D        | Reached XP level 3. HP: 20/39 MP: 1/1
    20 | D        | Reached XP level 4. HP: 24/48 MP: 1/1
   119 | D        | Noticed Sigmund
   135 | D        | Killed Sigmund
   135 | D        | Acquired Trog's second power
   135 | D        | Reached skill level 5 in Fighting
   135 | D        | Reached skill level 6 in Dodging
   135 | D        | Reached XP level 5. HP: 20/55 MP: 1/1
   214 | D        | Found a burning altar of Makhleb.
   215 | D        | Noticed a jelly
   216 | D        | Found a shimmering altar of Xom.
   219 | D        | Killed a jelly
   227 | D        | Found a glowing golden altar of the Shining One.
   227 | D        | Found a bloodstained altar of Trog.
   227 | D        | Found a blossoming altar of Fedhas.
   227 | D        | Found a deep blue altar of Sif Muna.
   227 | D        | Noticed a giant amoeba
   237 | D        | Killed a giant amoeba
   237 | D        | Reached skill level 7 in Fighting
   237 | D        | Reached skill level 9 in Dodging
   237 | D        | Reached XP level 6. HP: 12/66 MP: 2/2
   237 | D        | Reached XP level 7. HP: 13/74 MP: 2/2
   486 | D        | Noticed a kobold demonologist
   487 | D        | Noticed a smoke demon
   487 | D        | Noticed a kobold demonologist
   488 | D        | Noticed a blue devil
   488 | D        | Paralysed by a giant eyeball for 3 turns
   495 | D        | Noticed a hellwing
   495 | D        | Killed a blue devil
   498 | D        | Killed a smoke demon
   500 | D        | Killed a kobold demonologist
   502 | D        | Paralysed by a giant eyeball for 4 turns
   506 | D        | Noticed a sixfirhy
   506 | D        | HP: 1/111 [sixfirhy[a kobold demonologist] (12)]
   506 | D        | Mangled by a sixfirhy

Action                   |  1- 3 |  4- 6 |  7- 9 || total
-------------------------+-------+-------+-------++-------
Melee: Unarmed           |    12 |    21 |     9 ||    42
  Use: Potion            |       |       |     1 ||     1
